 Dungeon Crawl Stone Soup version 0.22.1-2-g9c5b331 (webtiles) character file.

105 Monzz the Chopper (level 4, 0/60 HPs)
             Began as a Hill Orc Monk on Dec 16, 2018.
             Succumbed to a worker ant's poison
             ... on level 4 of the Dungeon.
             The game lasted 00:05:14 (2278 turns).

Monzz the Chopper (Hill Orc Monk)                   Turns: 2278, Time: 00:05:15

Health: 0/60       AC:  8    Str: 19    XL:     4   Next: 81%
Magic:  4/4        EV:  8    Int: 10    God:
Gold:   200        SH:  0    Dex: 13    Spells: 3/3 levels left

rFire    . . .     SeeInvis .   a - +0 hand axe
rCold    . . .     Gourm    .   (no shield)
rNeg     . . .     Faith    .   o - +0 chain mail
rPois    .         Spirit   .   (no helmet)
rElec    .         Reflect  .   (no cloak)
rCorr    .         Harm     .   (no gloves)
MR       +....                  (no boots)
Stlth    ..........             (no amulet)
HPRegen  0.20/turn              b - ring of protection from magic
MPRegen  0.09/turn              e - ring of flight

@: berserking (expiring), lethally poisoned (0 -> -24), very quick
A: no striking features
a: Evoke Flight


You were on level 4 of the Dungeon.
You were not hungry.

You visited 1 branch of the dungeon, and saw 4 of its levels.

You collected 200 gold pieces.

Inventory:

Hand Weapons
 a - a +0 hand axe (weapon)
Missiles
 h - 201 stones (quivered)
 n - 2 tomahawks
Armour
 o - a +0 chain mail (worn)
Jewellery
 b - a ring of protection from magic (left hand)
 e - a ring of flight (right hand)
 r - an uncursed ring of wizardry {unknown}
Scrolls
 j - a scroll of fog
 k - a scroll of amnesia
 q - 2 scrolls of remove curse {unknown}
 t - a scroll of magic mapping {unknown}
Potions
 d - 2 potions of invisibility
 g - a potion of agility {unknown}
 i - a potion of resistance {unknown}
 l - 2 potions of heal wounds {unknown}
 m - 2 potions of curing {unknown}
 p - a potion of cancellation {unknown}
 s - a potion of might {unknown}
Comestibles
 c - 7 rations


   Skills:
 + Level 4.1 Fighting
 + Level 5.3 Axes
 + Level 1.8 Armour
 + Level 2.9 Dodging
 + Level 1.9 Stealth


You had 3 spell levels left.
You didn't know any spells.
Your spell library contained the following spells:

 Spells                   Type           Power        Failure   Level  Hunger
 Animate Skeleton         Necr           N/A          99%         1    ##.....
 Apportation              Tloc           #.....       99%         1    ##.....
 Confusing Touch          Hex            #.....       99%         1    ##.....
 Summon Small Mammal      Summ           #...         99%         1    ##.....


Dungeon Overview and Level Annotations

Branches:
Dungeon (4/15)
 Temple: D:4-7

Altars:


Message History

The worker ant is almost dead.
You feel sick. The worker ant bites you.
* * * LOW HITPOINT WARNING * * *
You are more poisoned.
The worker ant poisons you! The worker ant bites you.
* * * LOW HITPOINT WARNING * * *
You hit the worker ant.
You kill the worker ant!
* * * LOW HITPOINT WARNING * * *
You feel very sick.
It was a potion of berserk rage.
A red film seems to cover your vision as you go berserk!
You feel yourself moving faster!
You feel mighty!
* * * LOW HITPOINT WARNING * * *
You feel sick.
You are too berserk!
You feel a strong urge to attack something.
* * * LOW HITPOINT WARNING * * *
You feel sick.
You die...

.# #........#
.###....#+#.# .##
.....#.##.#.# ...
.#####......#.# ..#
... #.#..#.#.. ..#
#### #.#..#.#.# ..#
#.#..#.#.# ..# .
#.#..#.#.###..#
.....#.#...@..#
.....#.#.#.#.####
...................
...#.##.#.#.######.
# #.#.#.# ....###
##.#.. #.#.. ..#...


There were no monsters in sight!

Vanquished Creatures
  A worker ant (D:4)
  A howler monkey skeleton (D:4)
  2 adders
  2 oozes
  A worm (D:3)
  3 bats
  A giant cockroach (D:1)
  9 goblins
  6 hobgoblins
  4 jackals (D:3)
  3 kobolds (D:1)
  3 frilled lizards
  A quokka skeleton (D:4)
  5 rats
42 creatures vanquished.

Notes
Turn   | Place    | Note
-------+----------+-------------------------------------------
     0 | D:1      | Monzz the Hill Orc Monk began the quest for the Orb.
     0 | D:1      | Reached XP level 1. HP: 19/19 MP: 1/1
   120 | D:1      | Reached XP level 2. HP: 24/27 MP: 2/2
   660 | D:2      | Reached XP level 3. HP: 33/33 MP: 3/3
  1685 | D:3      | Reached skill level 1 in Armour
  1706 | D:3      | Reached XP level 4. HP: 29/40 MP: 4/4
  2258 | D:4      | Reached skill level 5 in Axes
  2276 | D:4      | HP: 2/60 [poisoned by a worker ant]
  2278 | D:4      | Succumbed to a worker ant's poison

Skill      XL: |  1  2  3  4 |
---------------+-------------+-----
Fighting       | 4 |  4.1
Armour         | 1 |  1.8
Axes           | 5 |  5.3
Dodging        | |  2.9
Stealth        | |  1.9

Action                   |  1- 3 |  4- 6 || total
-------------------------+-------+-------++-------
Melee: Hand axe          |   104 |    24 ||   128
  Use: Scroll            |     5 |       ||     5
       Potion            |       |     1 ||     1
 Stab: Sleeping          |     1 |       ||     1
  Eat: Chunk             |     2 |       ||     2
       Ration            |       |     1 ||     1
Armor: Leather armour    |     3 |       ||     3
       Ring mail         |     6 |       ||     6
       Chain mail        |    51 |     6 ||    57
Dodge: Dodged            |    55 |     6 ||    61
